 Dungeon Crawl Stone Soup version 0.25.0-10-g039870ee82 (webtiles) character file.

Game seed: 6043679827658518857

36 Kold the Insei (level 3, -2/23 HPs)
             Began as an Octopode Transmuter on June 23, 2020.
             Slain by Terence
             ... wielding a +0 mace
              (10 damage)
             ... on level 2 of the Dungeon.
             The game lasted 00:01:11 (1203 turns).

Kold the Insei (Octopode Transmuter)                Turns: 1203, Time: 00:01:12

Health: -2/23      AC:  1    Str:  9    XL:     3   Next: 37%
Magic:  2/6        EV: 13    Int: 16    God:
Gold:   78         SH:  0    Dex: 12    Spells: 0/6 levels left

rFire    . . .     SeeInvis .     - Unarmed
rCold    . . .     Gourm    .   (no shield)
rNeg     . . .     Faith    .   (helmet restricted)
rPois    .         Spirit   .   (no amulet)
rElec    .         Reflect  .   (no ring)
rCorr    .         Harm     .   (no ring)
MR       .....                  (no ring)
Stlth    +++.......             (no ring)
HPRegen  0.07/turn              (no ring)
MPRegen  0.10/turn              (no ring)
                                (no ring)
                                (no ring)

@: no status effects
A: almost no armour, stealthy swim, amphibious, 8 rings, constrict 8, camouflage
1, gelatinous body 1
a: no special abilities


You were on level 2 of the Dungeon.
You were not hungry.

You visited 1 branch of the dungeon, and saw 2 of its levels.

You collected 78 gold pieces.

Inventory:

Missiles
 a - 10 arrows
Wands
 f - a wand of enslavement (8)
Scrolls
 d - 2 scrolls of identify {unknown}
 e - a scroll of amnesia {unknown}
 g - a scroll of enchant weapon {unknown}
 h - 4 scrolls of remove curse {unknown}
 i - a scroll of teleportation {unknown}
Potions
 b - 3 potions of degeneration {unknown}
 k - a potion of cancellation {unknown}
 l - a potion of flight {unknown}
Comestibles
 c - 6 rations
 j - 4 chunks of flesh


   Skills:
 - Level 1.0 Fighting
 - Level 2.0 Dodging
 - Level 2.0 Stealth
 + Level 3.5 Unarmed Combat
 - Level 2.0 Spellcasting
 + Level 2.7 Transmutations


You couldn't memorise any spells.
You knew the following spells:

 Your Spells              Type           Power        Failure   Level  Hunger
a - Beastly Appendage     Tmut           ##....       7%          1    #......
b - Sticks to Snakes      Tmut           ##......     11%         2    ###....
c - Spider Form           Tmut/Pois      #.........   34%         3    ###....

Your spell library contained the following spells:

 Spells                   Type           Power        Failure   Level  Hunger
 Ice Form                 Ice/Tmut       #.......     75%         4    #####..
 Blade Hands              Tmut           ##........   88%         5    ######.


Dungeon Overview and Level Annotations

Branches:
Dungeon (2/15)

Altars:

Annotations:
D:2 Terence


Innate Abilities, Weirdness & Mutations

You cannot wear most types of armour.
You are very stealthy in the water. (Stealth+)
You are amphibious.
You can wear up to eight rings at the same time.
You can use your tentacles to constrict eight enemies at once.
Your skin changes colour to match your surroundings (Stealth+).
Your rubbery body absorbs attacks. (AC +1, EV +1)


Message History

Terence is moderately wounded.
You constrict Terence, but do no damage.
The goblin hits you from afar with a +0 spear.
Your ball python bites the goblin.
Your ball python constricts the goblin.
The goblin dies!
Your ball python bites Terence.
You tentacle-slap Terence but do no damage.
Your squeeze misses Terence.
Terence is moderately wounded.
You constrict Terence, but do no damage.
Terence hits you with a +0 mace.
A worker ant comes into view.
Your ball python bites Terence but does no damage.
Your ball python bites Terence.
You tentacle-slap Terence.
Terence is heavily wounded.
You constrict Terence, but do no damage.
Your ball python bites Terence but does no damage.
Terence hits you with a +0 mace!
You die...

#.## #.###### ..
...###.....# #.
.##.#.......
.#####.###..####÷#
............†...÷(
#.........###.....
#.#.#.###.# #.##.#
..##(##.#.#.###.# #.##.#
.......@S.......###.##.#
..####S@###....#.......#
#.)# ####..###.#### #a.#
#..# #.# .... #..# #.#
....# #..###.# ###.##
#......# #. #.######
...#


You could see Terence, a worker ant and 2 friendly ball pythons.

Vanquished Creatures
  2 adders (D:2)
  A dart slug (D:1)
  A giant cockroach (D:2)
  2 goblins (D:1)
  2 hobgoblins (D:1)
  2 jackals (D:2)
  4 bats
  A kobold (D:2)
  A rat (D:1)
16 creatures vanquished.

Vanquished Creatures (collateral kills)
  A goblin (D:2)
1 creature vanquished.

Grand Total: 17 creatures vanquished

Notes
Turn   | Place    | Note
-------+----------+-------------------------------------------
     0 | D:1      | Kold the Octopode Transmuter began the quest for the Orb.
     0 | D:1      | Reached XP level 1. HP: 13/13 MP: 3/3
   228 | D:1      | Reached skill level 1 in Stealth
   228 | D:1      | Reached XP level 2. HP: 15/18 MP: 3/5
   888 | D:2      | Reached XP level 3. HP: 16/23 MP: 6/6
  1183 | D:2      | Noticed Terence
  1191 | D:2      | Learned a level 2 spell: Sticks to Snakes
  1195 | D:2      | Learned a level 3 spell: Spider Form
  1203 | D:2      | Slain by Terence

Illustrated notes

Levels and vault maps discovered:
D:1:      dpeg_arrival_water_temple_mockup, layout_basic
D:2:      layout_loops_ring, nicolae_dithmenos_through_a_glass_darkly,
          amethyst_overflow_temple_binary, uniq_terence

Skill      XL: |  1  2 |
---------------+-------+-----
Stealth        | 1 2 |  2.0
Fighting       | |  1.0
Dodging        | |  2.0
Unarmed Combat | |  3.5
Spellcasting   | |  2.0
Transmutations | |  2.7

Action                   || total
-------------------------++-------
Melee: Unarmed           ||    29
       Constrict         ||     8
       Kick              ||     6
       Tentacles         ||     2
       Punch             ||     1
 Cast: Beastly Appendage ||     7
       Sticks to Snakes  ||     2
 Stab: Sleeping          ||     3
  Eat: Chunk             ||     1
Armor: Skin              ||     5
Dodge: Dodged            ||    27
